Selects Special Operations Battlegroup
Construct Weapon Support Center
Selects M29 Weasel Recon Vehicle
Selects M29 Weasel with M1 Pack Howitzer
M1918 Browning Automatic Rifles
M3 Armored Personnel Carrier
Selects P-47 Anti-Infantry Loiter
P-47 Anti-Infantry Loiter
Selects UNKNOWN (2162291)
M18 Hellcat Tank Destroyer
Selects SSF Commando Squad
M18 Hellcat Tank Destroyer
P-47 Anti-Infantry Loiter
Selects Air Re-supply Operation